 Dungeon Crawl Stone Soup version 0.24.1-11-gbbbb2193e6 (webtiles) character file.

Game seed: 5621714160249715905, levelgen mode: deterministic

581 Gruesph the Ruffian (level 7, 0/57 HPs)
             Began as a Naga Transmuter on May 12, 2020.
             Was an Initiate of Cheibriados.
             Slain by a killer bee (5 damage)
             ... on level 4 of the Dungeon.
             The game lasted 00:20:44 (7233 turns).

Gruesph the Ruffian (Naga Transmuter)               Turns: 7233, Time: 00:20:45

Health: 0/57       AC:  3    Str: 15    XL:     7   Next: 36%
Magic:  9/10       EV: 10    Int: 15    God:    Cheibriados [......]
Gold:   178        SH:  0    Dex: 16    Spells: 4/10 levels left

rFire    + . .     SeeInvis +     - Unarmed
rCold    + . .     Gourm    .   (no shield)
rNeg     + . .     Faith    .   b - +0 robe
rPois    +         Spirit   .   (no helmet)
rElec    .         Reflect  .   m - scarf {rC+ rF+}
rCorr    .         Harm     .   (no gloves)
MR       .....                  (no barding)
Stlth    +++.......             (no amulet)
HPRegen  0.19/turn              n - ring of positive energy
MPRegen  0.12/turn              p - +4 ring of dexterity

@: short of breath, very slow
A: large, see invisible, deformed body, poison resistance, slowness 2, slow
metabolism 1, spit poison 1, AC +2
a: Spit Poison, Bend Time, Renounce Religion


You were on level 4 of the Dungeon.
You worshipped Cheibriados.
Cheibriados was noncommittal.
You were not hungry.

You visited 2 branches of the dungeon, and saw 5 of its levels.
You also visited: Ossuary.

You collected 178 gold pieces.

Inventory:

Missiles
 a - 4 arrows
 l - 65 stones (quivered)
 s - 17 poisoned darts
Armour
 b - a +0 robe (worn)
 m - a scarf of resistance (worn)
 y - a +2 scale mail of positive energy
Jewellery
 n - a ring of positive energy (left hand)
 p - a +4 ring of dexterity (right hand)
 B - an uncursed ring of fire {unknown}
Wands
 z - a wand of enslavement (10)
Scrolls
 d - 4 scrolls of teleportation
 h - a scroll of fear
 i - a scroll of amnesia {unknown}
 j - 3 scrolls of random uselessness {unknown}
 r - a scroll of immolation {unknown}
 t - 4 scrolls of noise {unknown}
 v - 3 scrolls of remove curse {unknown}
 w - a scroll of fog
Potions
 c - a potion of curing
 e - a potion of heal wounds
 g - 2 potions of brilliance
 k - 2 potions of mutation
 o - a potion of ambrosia
 q - 2 potions of flight
 u - a potion of lignification {unknown}
 x - a potion of cancellation {unknown}
 A - a potion of haste {unknown}
Comestibles
 f - 2 rations


   Skills:
 - Level 1.0 Fighting
 - Level 1.5 Dodging
 - Level 5.0 Stealth
 + Level 5.3 Unarmed Combat
 - Level 2.0 Spellcasting
 + Level 4.7 Transmutations
 - Level 3.1 Poison Magic
 + Level 1.0 Invocations


You had 4 spell levels left.
You knew the following spells:

 Your Spells              Type           Power        Failure   Level  Hunger
a - Beastly Appendage     Tmut           ###...       3%          1    #......
b - Sticks to Snakes      Tmut           ###.....     4%          2    ###....
c - Spider Form           Tmut/Pois      ##........   13%         3    ###....

Your spell library contained the following spells:

 Spells                   Type           Power        Failure   Level  Hunger
 Ice Form                 Ice/Tmut       #.......     63%         4    #####..
 Blade Hands              Tmut           ###.......   65%         5    ######.


Dungeon Overview and Level Annotations

Branches:
Dungeon (4/15)             Temple (1/1) D:4         Ossuary (visited)

Altars:
Cheibriados
Dithmenos
Fedhas
Gozag
Hepliaklqana
Nemelex Xobeh
Ru
Sif Muna
Trog
Uskayaw
Wu Jian
Xom
Yredelemnul
Zin
The Shining One
Lugonu

Annotations:
D:4 Dowan


Innate Abilities, Weirdness & Mutations

You cannot wear boots.
Your serpentine skin is tough. (AC +2)
You have supernaturally acute eyesight. (SInv)
Armour fits poorly on your strangely shaped body.
Your system is resistant to poisons. (rPois)
You cover ground very slowly.
You have a slow metabolism.
You can spit poison.


Message History

* * * LOW HITPOINT WARNING * * *
The killer bee stings you.
* * * LOW HITPOINT WARNING * * *
The killer bee stings you!
* * * LOW HITPOINT WARNING * * *
The leopard gecko skeleton barely misses your ball python.
The killer bee closely misses you.
Your ball python bites the killer bee but does no damage.
Your ball python barely misses the killer bee.
The leopard gecko skeleton bites your ball python.
Your ball python dies!
Press: ? - help, Shift-Dir - straight line, f - killer bee
Aim: a killer bee The splash of poison hits the killer bee!
The killer bee is poisoned.
The killer bee is almost dead.
You feel slightly more hungry. The killer bee stings you.
* * * LOW HITPOINT WARNING * * *
The killer bee stings you.
You die...

,,,,,,..........**,*,,,,,,,,,,*
,,,,,,,.....?...,,>#*,,,,,,,,**
*******,.....!.#,,.#*,,,,,,,,*
**_***####.....#,,.#***,.,,,,****
8,,,8*#........#**.# *,..,,,,,,,,
,,,,,*#........##*.###...,,,,,,,,
,,,,,8#.*#......#*.......,,,,,,,,
,,,,,*#.##......##Z......,,,,,,,,
8,,,8*#.##......@y.......,,,,,,,,
,,,,,*#.#......###.......,,,*****
,,,,,8#.#.....##*##......,,,*
,,,,,*#.#......##.##.....,,,*
8...8*#............#.....,,,*****
##>##*#......#..>...#....,,,,,,,,
#######.....###..........,,,,,,,,
...##.......###..####....,,,,,,,,
...##.......##..####**,.,,,,,,,,,


You could see a killer bee and a leopard gecko skeleton.

Vanquished Creatures
  2 killer bees (D:4)
  A centaur zombie (Ossuary)
  A human zombie (Ossuary)
  2 orc priests (D:3)
  An iguana (D:4)
  3 worker ants (D:4)
  A big kobold zombie (Ossuary)
  A hound skeleton (D:4)
  4 mummies (Ossuary)
  7 adders
  5 worms
  A dart slug (D:4)
  3 leopard geckos
  17 orcs
  3 ball pythons
  2 giant cockroaches
  3 gnoll zombies (Ossuary)
  4 goblins
  12 hobgoblins
  5 jackals
  6 kobolds
  2 quokkas
  3 bats
  A frilled lizard (D:2)
  A goblin zombie (Ossuary)
  8 rats
99 creatures vanquished.

Vanquished Creatures (collateral kills)
  A big kobold zombie (Ossuary)
  An adder (D:2)
  A leopard gecko (D:3)
  2 orcs (D:3)
  A jackal (D:2)
  3 rats
9 creatures vanquished.

Grand Total: 108 creatures vanquished

Notes
Turn   | Place    | Note
-------+----------+-------------------------------------------
     0 | D:1      | Gruesph the Naga Transmuter began the quest for the Orb.
     0 | D:1      | Reached XP level 1. HP: 18/18 MP: 3/3
   227 | D:1      | Reached skill level 1 in Stealth
   310 | D:1      | Reached XP level 2. HP: 17/25 MP: 5/5
   314 | D:1      | Learned a level 2 spell: Sticks to Snakes
   913 | D:1      | Reached XP level 3. HP: 13/31 MP: 6/6
  1626 | D:2      | Found a faded altar of an unknown god.
  2245 | D:2      | Reached XP level 4. HP: 11/38 MP: 7/7
  2504 | D:2      | Found a bloodstained altar of Trog.
  3138 | D:2      | Found a glowing silver altar of Zin.
  3508 | D:3      | Found a shimmering altar of Xom.
  4168 | D:3      | Reached XP level 5. HP: 38/44 MP: 8/8
  4212 | D:3      | Learned a level 3 spell: Spider Form
  4294 | D:3      | Found a shadowy altar of Dithmenos.
  4912 | D:3      | Reached XP level 6. HP: 51/51 MP: 9/9
  4930 | D:3      | Found a sparkling altar of Nemelex Xobeh.
  4930 | D:3      | Found a shimmering blue altar of Sif Muna.
  5034 | D:3      | Found an ornate altar of the Wu Jian Council.
  5047 | D:3      | Reached skill level 5 in Stealth
  5435 | D:3      | Found an opulent altar of Gozag.
  5724 | D:4      | Found a sand-covered staircase.
  5737 | Ossuary  | Entered an ossuary
  5761 | Ossuary  | Reached skill level 1 in Poison Magic
  6002 | Ossuary  | HP: 2/51 [mummy (15)]
  6795 | D:4      | Reached skill level 5 in Unarmed Combat
  6795 | D:4      | Reached XP level 7. HP: 29/57 MP: 10/10
  6808 | D:4      | Found a staircase to the Ecumenical Temple.
  6816 | Temple   | Entered the Ecumenical Temple
  7020 | D:4      | Found a snail-covered altar of Cheibriados.
  7024 | D:4      | Became a worshipper of Cheibriados the Contemplative
  7218 | D:4      | Noticed Dowan
  7231 | D:4      | Reached skill level 1 in Invocations
  7233 | D:4      | Slain by a killer bee

Levels and vault maps discovered:
D:1:      grunt_arrival_crossed_arrows, layout_rooms
D:2:      layout_basic, zin_statuary, first_ration,
          chequers_ecumenical_altar_simple_redux, trog_butcher_becter
D:3:      cheibrodos_helix_gallery, layout_loops_ring,
          lemuel_coloured_pillars_altar, nicolae_overflow_crystal_walls,
          old_standard_altar, grunt_dithmenos_smoke_and_mirrors,
          gammafunk_temple_overflow_elements, serial_bayou_lagoon_b
D:4:      cheibrodos_barr_body, layout_basic, kennysheep_mini,
          marbit_many_paths, nicolae_overflow_hidden_temple,
          minmay_temple_entry_wispy, nicolae_ossuary_entry_monument,
          kennysheep_small_square, uniq_duvessa, uniq_ijyb
Temple:   corrupted_temple

Skill      XL: |  1  2  3  4  5  6  7 |
---------------+----------------------+-----
Stealth        | 1 2 3 4 5 |  5.0
Transmutations | 3 4 |  4.7
Unarmed Combat | 4 5 |  5.3
Poison Magic   | 2 3 |  3.1
Invocations    | 1 |  1.0
Fighting       | |  1.0
Dodging        | |  1.5
Spellcasting   | |  2.0

Action                   |  1- 3 |  4- 6 |  7- 9 || total
-------------------------+-------+-------+-------++-------
Melee: Unarmed           |    99 |   281 |    20 ||   400
       Punch             |       |     6 |     1 ||     7
Throw: Stone             |     4 |       |       ||     4
 Cast: Sticks to Snakes  |       |    19 |     1 ||    20
 Abil: Spit Poison       |    14 |    43 |     4 ||    61
  Use: Potion            |     1 |       |       ||     1
       Scroll            |       |    11 |       ||    11
 Stab: Sleeping          |     2 |     4 |       ||     6
       Distracted        |       |     1 |       ||     1
  Eat: Chunk             |     3 |    12 |     1 ||    16
       Ration            |       |     1 |       ||     1
Armor: Robe              |    14 |    28 |     4 ||    46
Dodge: Dodged            |    66 |   116 |    15 ||   197
